 Dungeon Crawl Stone Soup version 0.32-a0-921-g04a7ad8e02 (webtiles) character file.

Game seed: 16994562926955449874

97 basamash the Magician (level 4, -5/33 HPs)
             Began as an Armataur Hedge Wizard on Apr 11, 2024.
             Killed from afar by Natasha (7 damage)
             ... with a magic dart
             ... on level 2 of the Dungeon.
             The game lasted 00:10:00 (2173 turns).

basamash the Magician (Armataur Hedge Wizard)       Turns: 2173, Time: 00:10:01

Health: -5/33      AC:  5    Str: 18    XL:     4   Next: 42%
Magic:  9/9        EV:  9    Int: 14    God:
Gold:   65         SH:  0    Dex: 15    Spells: 7/10 levels left

rFire   . . .        a - +0 dagger
rCold   . . .        (no shield)
rNeg    . . .        b - +0 robe
rPois   .            c - +0 hat
rElec   .            (no cloak)
rCorr   .            f - +0 pair of gloves
SInv    .            (no barding)
Will    .....        (no amulet)
Stlth   ++           e - +6 ring of dexterity
HPRegen 0.25/turn    (no ring)
MPRegen 0.11/turn

%: roll
@: mighty, attractive, slowed, very slow
A: large, deformed body, tough skin 3, armoured tail, rollpage 1
a: no special abilities


You were on level 2 of the Dungeon.
You visited 1 branch of the dungeon, and saw 2 of its levels.

You collected 65 gold pieces.

Inventory:

Hand Weapons
 a - a +0 dagger (weapon)
Armour
 b - a +0 robe (worn)
 c - a +0 hat (worn)
 f - a +0 pair of gloves (worn)
Jewellery
 e - a +6 ring of dexterity (left hand)
Wands
 g - a wand of charming (5)
Potions
 d - a potion of magic


   Skills:
 + Level 0.1 Fighting
 + Level 0.5 Short Blades
 + Level 1.7 Dodging
 + Level 2.7 Stealth
 + Level 3.7 Spellcasting
 + Level 1.6 Conjurations
 + Level 0.7 Summonings
 + Level 1.0 Translocations


You had 7 spell levels left.
You knew the following spells:

 Your Spells              Type           Power      Damage    Failure   Level
a - Magic Dart            Conj           28%        1d4       10%         1
b - Blink                 Tloc           10%        N/A       21%         2

Your spell library contained the following spells:

 Spells                   Type           Power      Damage    Failure   Level
 Slow                     Hex            8%         N/A       21%         1
 Call Imp                 Summ           8%         N/A       22%         2
 Cigotuvi's Dreadful Rot  Necr/Alch/Air  4%         N/A       30%         2
 Sublimation of Blood     Necr           2%         N/A       30%         2
 Mephitic Cloud           Conj/Alch/Air  4%         N/A       43%         3
 Sigil of Binding         Hex            2%         N/A       52%         3
 Petrify                  Alch/Erth      2%         N/A       89%         4
 Irradiate                Conj/Alch      2%         3d12      98%         5
 Death Channel            Necr           1%         N/A       100%        6
 Sculpt Simulacrum        Ice/Alch       1%         N/A       100%        6


Dungeon Overview and Level Annotations

Branches:
Dungeon (2/15)

Altars:

Annotations:
D:2 Natasha


Innate Abilities, Weirdness & Mutations

Armour fits poorly on your strangely shaped body.
You have extremely tough skin. (AC +3)
You have a long armoured tail.
You regenerate magic when rolling toward enemies. (Rampage MPRegen)


Message History

You hit Natasha.
Natasha is moderately wounded.
The bat barely misses you. Natasha claws you but does no damage.
You barely miss Natasha.
Natasha is moderately wounded.
The bat hits you but does no damage.
Natasha stares at you and mumbles some strange words.
You feel yourself slow down.
You barely miss Natasha.
Natasha is moderately wounded.
The bat closely misses you. Natasha claws you. The bat barely misses you.
You hit Natasha.
Natasha is moderately wounded.
The bat hits you but does no damage. Natasha casts a spell at you.
The magic dart hits you. Natasha claws you.
You hit Natasha.
Natasha is moderately wounded.
The bat hits you but does no damage. Natasha claws you.
* * * LOW HITPOINT WARNING * * *
You closely miss Natasha.
Natasha is moderately wounded.
The bat closely misses you. Natasha claws you!
* * * LOW HITPOINT WARNING * * *
Natasha mewls in sadness.
Natasha claws you.
* * * LOW HITPOINT WARNING * * *
You aren't carrying any scrolls.
It was a potion of might.
You feel very mighty all of a sudden. The bat barely misses you.
Natasha stares at you and mumbles some strange words.
You resist with some effort.
It was a potion of attraction.
You feel attractive to monsters. The bat closely misses you.
Natasha stares at you and mumbles some strange words.
The magic dart hits you!
You die...
Natasha begins licking her fur clean.

###########
#######..........
######...[.......#####
#)...@h..........#
#.$....b.........+
#................#
#....>#>...........
#.....####....######
#.....# #....# #.....#
#....# #...... ..


You could see Natasha and a bat.

Vanquished Creatures
  Natasha (twice) (D:2)
  5 endoplasms (D:1)
  A giant cockroach (D:2)
  4 goblins
  5 hobgoblins
  4 quokkas (D:1)
  7 ball pythons
  6 bats
  2 frilled lizards (D:1)
  A kobold (D:2)
  6 rats
43 creatures vanquished.

Notes
Turn   | Place    | Note
-------+----------+-------------------------------------------
     0 | D:1      | basamash the Armataur Hedge Wizard began the quest for the
                  | Orb.
     0 | D:1      | Reached XP level 1. HP: 14/14 MP: 4/4
   120 | D:1      | Reached skill level 1 in Conjurations
   177 | D:1      | Reached skill level 3 in Spellcasting
   187 | D:1      | Reached XP level 2. HP: 20/20 MP: 0/6
  1041 | D:1      | Reached XP level 3. HP: 18/26 MP: 7/7
  1619 | D:2      | Noticed Natasha
  1633 | D:2      | Killed Natasha
  1650 | D:2      | Learned a level 2 spell: Blink
  1668 | D:2      | Noticed Natasha
  1690 | D:2      | Killed Natasha
  1691 | D:2      | Reached XP level 4. HP: 18/33 MP: 4/9
  2158 | D:2      | Noticed Natasha
  2173 | D:2      | Killed from afar by Natasha

Illustrated notes

Levels and vault maps discovered:
D:1:      lordsloth_arrival_two_stooges, layout_basic
D:2:      layout_basic, uniq_crazy_yiuf_cottage, uniq_natasha

Skill      XL: |  1 |
---------------+----+-----
Conjurations   | 1 |  1.6
Spellcasting   | 3 |  3.7
Fighting       | |  0.1
Short Blades   | |  0.5
Dodging        | |  1.7
Stealth        | |  2.7
Summonings     | |  0.7
Translocations | |  1.0

Action                     |  1- 3 |  4- 6 || total
---------------------------+-------+-------++-------
  Melee: Dagger            |    70 |    56 ||   126
         Tailslap          |    10 |     4 ||    14
   Cast: Magic Dart        |    43 |     1 ||    44
    Use: Scroll            |     2 |     1 ||     3
         Potion            |       |     2 ||     2
   Stab: Sleeping          |     2 |       ||     2
 Armour: Robe              |    43 |    41 ||    84
  Dodge: Dodged            |    30 |    22 ||    52

Table legend: (Time is in decaauts)
 A = Elapsed time spent in this place.
 B = Non-inter-level travel time spent in this place.
 C = Inter-level travel time spent in this place.
 D = Time resting spent in this place.
 E = Time spent auto-exploring this place.
 F = Levels seen in this place.
 G = Mean time per level.
                   A        B        C        D        E       F      G
               +--------+--------+--------+--------+--------+-----+--------+
         Total |   2210 |   2210 |      0 |    376 |      0 |   2 | 1105.0 |
       Dungeon |   2210 |   2210 |      0 |    376 |      0 |   2 | 1105.0 |
               +--------+--------+--------+--------+--------+-----+--------+

Top non-repeatable levels by time:
     D:1: 1456 daAuts
     D:2: 754 daAuts
